 Dungeon Sprint DCSS version 0.19.0-24-gb05acd6 (webtiles) character file.

14800000 igo the Conqueror (level 27, -2/273 HPs)
             Began as a Ghoul Warper on Nov 22, 2016.
             Was the Champion of Makhleb.
             Slain by a fleshlord
             ... wielding a +9 great mace
              (275 damage)
             ... in the Dungeon (Sprint VIII: "Arena of Blood").
             The game lasted 00:05:01 (148 turns).

igo the Conqueror (Ghoul Warper)                     Turns: 148, Time: 00:05:01

Health: -2/273     AC:  6    Str: 19    XL:     27
Magic:  39/53      EV: 32    Int:  8    God:    Makhleb [******]
Gold:   0          SH:  0    Dex: 17    Spells: 0 memorised, 80 levels left

rFire  . . .     SeeInvis +     l - +∞ Axe of Woe
rCold  + . .     Gourm    .     b - +0 leather armour
rNeg   + + +     Faith    .     (shield currently unavailable)
rPois  ∞         Spirit   .     (no helmet)
rElec  .         Reflect  .     (no cloak)
rCorr  .         Harm     .     (no gloves)
MR     ++...     NoTele   +     (no boots)
Stlth  +++++++++.               (no amulet)
                                (no ring)
                                m - ring of see invisible

@: rotting, slowed, very slow
A: rotting body, claws 1, carnivore 3, cold resistance 1, negative energy
resistance 3, slow regeneration 1, torment resistance, unbreathing
a: Minor Destruction, Lesser Servant of Makhleb, Major Destruction, Greater
Servant of Makhleb, Renounce Religion


You were in the Dungeon.
You worshipped Makhleb.
Makhleb was exalted by your worship.
You were not hungry.

You visited 1 branch

Inventory:

Hand Weapons
 a - a +0 hand axe
 l - the +∞ Axe of Woe (weapon)
   (You found it in the Dungeon)
Missiles
 e - 5 tomahawks of dispersal (quivered)
Armour
 b - a +0 leather armour (worn)
Jewellery
 m - a ring of see invisible (left claw)
Scrolls
 d - 2 scrolls of blinking
Potions
 g - a potion of curing
 h - a potion of heal wounds
 i - a potion of haste
 j - 2 potions of magic
 k - a potion of berserk rage
Books
 c - a book of Spatial Translocations

   Spells                             Type                      Level
   a - Blink                          Translocation                2
   b - Shroud of Golubria             Charms/Translocation         2
   c - Lesser Beckoning               Translocation                3
   d - Portal Projectile              Translocation                3
   e - Teleport Other                 Translocation                3
   f - Passage of Golubria            Translocation                4
Comestibles
 f - a meat ration


   Skills:
 O Level 27 Fighting
 O Level 27 Axes
 O Level 27 Throwing
 O Level 27 Armour
 O Level 27 Dodging
 O Level 27 Stealth
 O Level 27 Unarmed Combat
 O Level 27 Spellcasting
   Level 2.6 Translocations
 O Level 27 Invocations


You had 80 spell levels left.
You didn't know any spells.

Dungeon Overview and Level Annotations

Branches:
Dungeon (1/1)

Altars:
Makhleb

Annotations:
D The Servant


Innate Abilities, Weirdness & Mutations

Your body is rotting away.
You thrive on raw meat.
You are immune to poison.
You have sharp fingernails.
You are carnivorous and can eat meat at any time.
Your flesh is cold resistant. (rC+)
You are immune to negative energy. (rN+++)
You regenerate slowly when monsters are visible.
You are immune to unholy pain and torment.
You can survive without breathing.


Message History

You feel better.
You slice the sculptor of flesh!!
You dissect the sculptor of flesh like a pig carcass.
You destroy the sculptor of flesh!
Makhleb accepts your kill.
You slice the bag of meat!!
You butcher the bag of meat messily.
You kill the bag of meat!
Makhleb accepts your kill. ------------------------------------------------------------------------------ ------------------------------------------------------------------------------ -- The Meatlord has descended... -- ------------------------------------------------------------------------------ ------------------------------------------------------------------------------ You hear a shout! x5
The fleshlord casts a spell at you.
You feel as though you will be slow longer.
You hear a shout! x3
The corpses begin to drag themselves along the ground!
You hear an angry hiss. x2; You hear a shout! x2
Something shouts, "Despond, thou tasty luncheon!" 2 crawling corpses come into view.
You hear a shout! x4
The fleshlord hits you with a +9 great mace!!!!!
Ouch! That really hurt!
You die...

#....%%.....)))...%...
..#..%...%.%)#)#.......
..#.........)))).%...##
%%.#.%..............%..
....#%.....%.)M).......
....S%.x.)..zo))%......
%%....x%o)%..xM))......
....ox§p#..%%.)%#......
..#ozp)@#.......#......
..o.Sz###.%...).###....
...pxx.....###o.....§..
...#ox......_))........
.# .o....#.OL..#C......
o. . ..#_.<._#.......
#o. #.....#..o...#
....._........§.
......###.........


You could see 2 scourges, 3 fleshlords, 2 sculptors of flesh, 4 bags of meat and
4 crawling corpses.

Vanquished Creatures
  3 hell knights (D)
  10 hell beasts (D)
  4 greater mummies (D)
  4 great orbs of eyes (D)
  10 wraiths (D)
  17 vampire knights (D)
  43 ogres (D)
  8 liches (D)
  3 hydras (D)
  90 orcs (D)
  5 phantoms (D)
  9 hill giants (D)
  8 skeletal warriors (D)
  2 sea snakes (D)
  10 large abominations (D)
  8 small abominations (D)
  7 crawling corpses (D)
241 creatures vanquished.

Vanquished Creatures (others)
  2 crawling corpses (D)
2 creatures vanquished.

Grand Total: 243 creatures vanquished

Notes
Turn   | Place    | Note
-------+----------+-------------------------------------------
     0 | D        | igo the Ghoul Warper began the quest for the Orb.
     0 | D        | Reached XP level 1. HP: 17/17 MP: 2/2
     3 | D        | Noticed a meat berserker
     4 | D        | Became a worshipper of Makhleb the Destroyer
     5 | D        | Noticed a bag of meat
     5 | D        | Noticed a bag of meat
     7 | D        | Noticed a bag of meat
     8 | D        | Killed a bag of meat
     8 | D        | Reached skill level 15 in Fighting
     8 | D        | Reached XP level 2. HP: 48/48 MP: 2/15
     8 | D        | Reached XP level 3. HP: 55/55 MP: 2/17
     8 | D        | Reached XP level 4. HP: 62/62 MP: 2/18
     8 | D        | Reached XP level 5. HP: 69/69 MP: 2/20
     8 | D        | Reached XP level 6. HP: 77/77 MP: 2/21
     8 | D        | Reached XP level 7. HP: 83/83 MP: 2/23
     8 | D        | Reached XP level 8. HP: 91/91 MP: 2/24
     8 | D        | Reached XP level 9. HP: 97/97 MP: 2/25
     8 | D        | Reached XP level 10. HP: 105/105 MP: 2/26
     8 | D        | Reached XP level 11. HP: 112/112 MP: 2/27
     8 | D        | Reached XP level 12. HP: 119/119 MP: 2/28
     8 | D        | HP: 5/119 [meat berserker/+9 battleaxe (32)]
     9 | D        | Noticed a bag of meat
     9 | D        | Noticed a meat berserker
     9 | D        | Killed a meat berserker
     9 | D        | Reached * piety under Makhleb
     9 | D        | Reached skill level 5 in Throwing
     9 | D        | Reached skill level 15 in Dodging
     9 | D        | Reached XP level 13. HP: 6/136 MP: 2/32
     9 | D        | Reached XP level 14. HP: 6/144 MP: 2/33
     9 | D        | Killed a bag of meat
    10 | D        | Noticed a bag of meat
    11 | D        | Noticed a bag of meat
    11 | D        | Noticed a bag of meat
    11 | D        | Noticed a meat berserker
    11 | D        | Killed a bag of meat
    11 | D        | Reached XP level 15. HP: 7/157 MP: 2/36
    12 | D        | Killed a meat berserker
    12 | D        | Reached ** piety under Makhleb
    12 | D        | Reached XP level 16. HP: 111/170 MP: 3/39
    13 | D        | Noticed a meat berserker
    13 | D        | Noticed a meat berserker
    13 | D        | Noticed a destroyer
    15 | D        | Noticed a meat berserker
    15 | D        | Noticed a meat berserker
    15 | D        | Noticed a meat berserker
    16 | D        | Noticed a meat berserker
    16 | D        | Noticed a meat berserker
    17 | D        | Reached *** piety under Makhleb
    17 | D        | Reached XP level 17. HP: 183/183 MP: 4/42
    18 | D        | Noticed a meat berserker
    18 | D        | Killed a meat berserker
    18 | D        | Killed a meat berserker
    18 | D        | Reached skill level 27 in Fighting
    18 | D        | Reached XP level 18. HP: 172/200 MP: 4/45
    18 | D        | Reached **** piety under Makhleb
    19 | D        | Killed a meat berserker
    19 | D        | Reached skill level 27 in Axes
    19 | D        | Reached skill level 10 in Armour
    19 | D        | Reached skill level 27 in Spellcasting
    19 | D        | Reached XP level 19. HP: 191/207 MP: 5/49
    19 | D        | Killed a meat berserker
    19 | D        | Reached skill level 27 in Dodging
    19 | D        | Killed a meat berserker
    20 | D        | Noticed a destroyer
    20 | D        | Killed a meat berserker
    20 | D        | Reached ***** piety under Makhleb
    20 | D        | Reached XP level 20. HP: 216/216 MP: 5/50
    21 | D        | Noticed a meat berserker
    21 | D        | Noticed a meat berserker
    21 | D        | Noticed a meat berserker
    21 | D        | Noticed a destroyer
    22 | D        | Noticed a meat berserker
    22 | D        | Killed a meat berserker
    22 | D        | Reached XP level 21. HP: 149/224 MP: 5/51
    22 | D        | Reached skill level 27 in Throwing
    22 | D        | Reached skill level 27 in Armour
    22 | D        | Reached skill level 10 in Stealth
    23 | D        | Killed a destroyer
    23 | D        | Reached ****** piety under Makhleb
    23 | D        | Reached XP level 22. HP: 233/233 MP: 6/52
    24 | D        | Reached XP level 23. HP: 240/240 MP: 6/53
    24 | D        | Reached skill level 27 in Stealth
    25 | D        | Killed a destroyer
    25 | D        | Reached skill level 27 in Unarmed Combat
    25 | D        | Reached skill level 27 in Invocations
    25 | D        | Reached XP level 24. HP: 249/249 MP: 6/53
    26 | D        | Killed a destroyer
    27 | D        | Reached XP level 25. HP: 257/257 MP: 7/53
    27 | D        | Noticed a destroyer
    28 | D        | Reached XP level 26. HP: 266/266 MP: 7/53
    30 | D        | Noticed a destroyer
    30 | D        | Reached XP level 27. HP: 273/273 MP: 7/53
    31 | D        | Noticed a destroyer
    32 | D        | Killed a destroyer
    34 | D        | Noticed a destroyer
    34 | D        | Killed a destroyer
    39 | D        | Killed a destroyer
    40 | D        | Noticed a destroyer
    41 | D        | Noticed a destroyer
    42 | D        | Noticed a destroyer
    43 | D        | Noticed a destroyer
    46 | D        | Killed a destroyer
    46 | D        | Killed a destroyer
    46 | D        | Killed a destroyer
    47 | D        | Noticed a tyrant
    48 | D        | Noticed an accursed
    49 | D        | Killed a destroyer
    62 | D        | Noticed a meat beast
    62 | D        | Killed an accursed
    62 | D        | Killed a tyrant
    63 | D        | Noticed a dread
    66 | D        | Killed a meat beast
    67 | D        | Noticed a meat beast
    67 | D        | Killed a destroyer
    69 | D        | Noticed a dread
    70 | D        | Killed a dread
    71 | D        | Noticed a dread
    71 | D        | Killed a meat beast
    73 | D        | Killed a dread
    74 | D        | Noticed a dread
    74 | D        | Noticed a meat beast
    75 | D        | Noticed an accursed
    75 | D        | Killed a dread
    79 | D        | Killed a meat beast
    80 | D        | Noticed a meat beast
    83 | D        | Noticed a meat beast
    84 | D        | Killed a dread
    84 | D        | Killed a meat beast
    86 | D        | Noticed an accursed
    88 | D        | Killed a meat beast
    89 | D        | Noticed a meat beast
    89 | D        | Noticed a tyrant
    90 | D        | Noticed a meat beast
    90 | D        | Noticed a tyrant
    92 | D        | Noticed a dread
    94 | D        | Killed a meat beast
    94 | D        | Killed a meat beast
    96 | D        | Noticed a destroyer
    97 | D        | Killed a tyrant
    98 | D        | Noticed a tyrant
   106 | D        | Noticed a destroyer
   107 | D        | Noticed an accursed
   110 | D        | Noticed a tyrant
   110 | D        | Killed a dread
   111 | D        | Noticed a destroyer
   111 | D        | Killed a destroyer
   112 | D        | Noticed a tyrant
   113 | D        | Noticed a dread
   113 | D        | Noticed a dread
   113 | D        | Noticed a tyrant
   115 | D        | Killed an accursed
   116 | D        | Killed an accursed
   118 | D        | Killed a tyrant
   119 | D        | Killed a tyrant
   119 | D        | Killed a dread
   120 | D        | Noticed a destroyer
   121 | D        | Noticed a tyrant
   121 | D        | Noticed a meat beast
   121 | D        | Killed an accursed
   121 | D        | Killed a dread
   123 | D        | Noticed a dread
   124 | D        | Killed a meat beast
   125 | D        | Noticed a dread
   125 | D        | Killed a tyrant
   126 | D        | Killed a tyrant
   126 | D        | Killed a destroyer
   126 | D        | Noticed a fleshlord
   127 | D        | Noticed The Servant
   127 | D        | Noticed a fleshlord
   129 | D        | Killed a destroyer
   130 | D        | Noticed a destroyer
   133 | D        | Killed a dread
   133 | D        | Killed a dread
   133 | D        | Killed a tyrant
   134 | D        | Noticed a meat beast
   135 | D        | Noticed a meat beast
   135 | D        | Killed a fleshlord
   137 | D        | Noticed a fleshlord
   139 | D        | Noticed a dread
   139 | D        | Noticed a destroyer
   139 | D        | Noticed a fleshlord
   139 | D        | Killed a destroyer
   139 | D        | Killed a tyrant
   140 | D        | Killed a meat beast
   142 | D        | Killed a fleshlord
   143 | D        | Noticed a fleshlord
   143 | D        | Killed a meat beast
   143 | D        | Killed a destroyer
   145 | D        | Killed a destroyer
   145 | D        | Killed a fleshlord
   147 | D        | Noticed a fleshlord
   147 | D        | Killed a dread
   148 | D        | Slain by a fleshlord

Skill      XL: |  1  2  3  4  5  6  7  8  9 10 11 12 13 14 15 16 17 18 19 20 21 22 23 |
---------------+----------------------------------------------------------------------+-----
Fighting       | 15 18 20 22 24 27 | 27.0
Axes           | 13 16 18 20 23 26 27 | 27.0
Throwing       | 3 5 6 7 8 9 20 24 27 | 27.0
Armour         | 4 6 7 8 9 10 20 24 27 | 27.0
Dodging        | 12 15 17 18 20 21 24 27 | 27.0
Spellcasting   | 13 16 18 20 22 24 27 | 27.0
Stealth        | 18 25 27 | 27.0
Unarmed Combat | 16 23 27 | 27.0
Invocations    | 16 23 27 | 27.0
Translocations | |  2.6

Action                   |  1- 3 |  4- 6 |  7- 9 | 10-12 | 13-15 | 16-18 | 19-21 | 22-24 | 25-27 || total
-------------------------+-------+-------+-------+-------+-------+-------+-------+-------+-------++-------
Melee: Executioner's axe |     1 |       |       |     1 |     2 |     3 |     3 |     4 |    92 ||   106
Armor: Leather armour    |       |       |       |       |       |       |       |       |     3 ||     3
Dodge: Dodged            |       |       |       |     1 |       |       |       |       |    17 ||    18
